 Dungeon Crawl Stone Soup version 0.19-a0-1238-gee6bd96 (webtiles) character file.

1915 epen the Gouger (level 8, -2/39 HPs)
             Began as a Felid Monk on Aug 26, 2016.
             Was an Elder of Dithmenos.
             Slain by a killer bee (6 damage)
             ... on level 12 of the Dungeon.
             The game lasted 00:17:04 (11221 turns).

epen the Gouger (Felid Monk)                       Turns: 11221, Time: 00:17:06

Health: -2/39      AC:  2    Str:  7    XL:     8   Next: 95%
Magic:  10/13      EV: 26    Int: 17    God:    Dithmenos [****..]
Gold:   43         SH:  0    Dex: 24    Spells: 2 memorised, 8 levels left
                                        Lives:  0   Deaths: 2

rFire  . . .     SeeInvis +       - Unarmed
rCold  . . .     Gourm    +     (armour unavailable)
rNeg   . . .     Faith    .     (shield unavailable)
rPois  .         Spirit   .     (helmet unavailable)
rElec  .         Dismiss  .     (cloak unavailable)
rCorr  .         Reflect  .     (gloves unavailable)
MR     +....     Harm     .     (boots unavailable)
Stlth  ++++++++..               u - amulet of the gourmand
                                x - +6 ring of intelligence
                                D - ring of wizardry

@: lethally poisoned (-2 -> -9), wreathed by umbra, quick
A: no armour, no weapons or thrown items, claws 1, fangs 3, see invisible, agile
1, carnivore 3, speed 1, shaggy fur 2, slow metabolism 1, sharp paws
a: Shadow Step, Renounce Religion


You were on level 12 of the Dungeon.
You worshipped Dithmenos.
Dithmenos was greatly pleased with you.
You were very full.

You visited 2 branches of the dungeon, and saw 13 of its levels.

You collected 415 gold pieces.
You spent 372 gold pieces at shops.

Inventory:

Jewellery
 q - an uncursed ring of flight
 u - an amulet of the gourmand (around neck)
 w - an uncursed ring of protection from magic
 x - a +6 ring of intelligence (right paw)
 D - a ring of wizardry (left paw)
Wands
 b - a wand of flame (18/48)
 c - a wand of digging (15/24)
 i - a wand of enslavement (9/24)
 l - a wand of paralysis (16/24)
 m - a wand of polymorph (10/24)
 p - a wand of slowing (48/48)
Scrolls
 d - 2 scrolls of identify
 g - 3 scrolls of amnesia
 h - 6 scrolls of remove curse
 j - 2 scrolls of enchant weapon
 o - 2 scrolls of noise
 s - a scroll of torment {unknown}
 t - 2 scrolls of recharging
Potions
 e - a potion of agility {unknown}
 f - a potion of heal wounds
 k - 2 potions of curing
 n - 2 potions of haste
 C - a potion of cancellation
 F - a potion of lignification
Books
 y - a book of Callings

   Spells                             Type                      Level
   a - Summon Small Mammal            Summoning                    1
   b - Call Imp                       Summoning                    2
   c - Call Canine Familiar           Summoning                    3
   d - Summon Guardian Golem          Hexes/Summoning              3
   e - Summon Lightning Spire         Summoning/Air                4
   f - Summon Ice Beast               Ice/Summoning                4
Comestibles
 a - 6 meat rations
 r - a chunk of flesh
 v - a royal jelly
 B - 3 slices of pizza


   Skills:
 + Level 6.3 Fighting
 + Level 8.3 Dodging
 + Level 8.5 Stealth
 * Level 8.7 Unarmed Combat
 + Level 3.3 Spellcasting
 + Level 3.3 Summonings
 * Level 6.3 Invocations


You had 8 spell levels left.
You knew the following spells:

 Your Spells              Type           Power        Failure   Level  Hunger
a - Call Imp              Summ           ##......     4%          2    ##.....
b - Summon Guardian Gole  Hex/Summ       #.......     10%         3    ###....


Dungeon Overview and Level Annotations

Branches:
Dungeon (12/15)            Temple (1/1) D:4
   Lair: D:8-11         Orc: D:9-12

Altars:
Ashenzari
Dithmenos
Kikubaaqudgha
Makhleb
Sif Muna
Trog
Uskayaw
Zin

Shops:
D:9 :(}(!

Annotations:
D:9 Gastronok


Innate Abilities, Weirdness & Mutations

You cannot wear armour.
You are incapable of wielding weapons or throwing items.
You have sharp claws.
You have razor-sharp teeth.
You have supernaturally acute eyesight. (SInv)
You are carnivorous and can eat meat at any time.
You cover ground quickly.
You are covered in thick fur. (AC +2)
You have a slow metabolism.
Your sharp claws are effective at attacking unaware monsters.
You are agile. (Dex +2)


Message History

The killer bee misses you.
The killer bee completely misses you. x2
The killer bee closely misses you.
Your crimson imp blinks!
You barely miss the killer bee.
The killer bee is moderately wounded.
The killer bee stings you. The killer bee stings you!
The killer bee misses you. The killer bee completely misses you.
You scratch the killer bee.
The killer bee is heavily wounded.
The killer bee completely misses you. The killer bee stings you.
* * * LOW HITPOINT WARNING * * *
The killer bee misses you.
Casting: Call Imp
Confirm with . or Enter, or press ? or * to list all spells.
A shadowy apparition takes form in the air.
The killer bee stings you.
* * * LOW HITPOINT WARNING * * *
You are lethally poisoned!
The killer bee poisons you! The killer bee stings you.
You die...

#. .#
##.#####.######..
................#
................#
..(......5...!..#
............ยง...#
................#
.......<.y......#
......%..y@.....#
...........5...?#
................#
####.##########...
#. .. # .


You could see 2 killer bees, a friendly crimson imp and a friendly shadow imp.

Vanquished Creatures
  Joseph (D:7)
  Grum (D:7)
  A hippogriff (D:7)
  Eustachio (D:6)
  A water moccasin (D:9)
  An orc warrior (D:9)
  2 ice beasts
  2 sky beasts
  A phantom (D:4)
  3 necrophages
  3 ogres
  2 centaurs
  2 wolves
  Blork the orc (D:6)
  3 giant frogs
  A water moccasin zombie (D:7)
  A scorpion (D:4)
  6 killer bees
  2 howler monkeys
  2 centaur zombies
  A giant frog zombie (D:9)
  5 jellies
  4 hounds
  2 orc priests
  A centaur skeleton (D:7)
  3 iguanas
  10 orc wizards
  5 worker ants
  A hound zombie (D:6)
  9 gnolls
  13 adders
  2 shadow imps
  An ooze (D:3)
  An adder skeleton (D:4)
  An adder zombie (D:8)
  5 worms
  3 dart slugs
  4 giant geckos
  38 orcs
  2 ball pythons
  3 giant cockroaches
  10 goblins
  9 hobgoblins
  9 jackals
  15 kobolds
  4 quokkas
  5 bats
  A giant gecko skeleton (D:7)
  4 giant newts
  A jackal skeleton (D:4)
  11 rats
220 creatures vanquished.

Vanquished Creatures (collateral kills)
  Pikel (D:7)
  An orc warrior (D:6)
  2 slaves
  A phantom (D:7)
  2 wolves
  A big kobold (D:7)
  A giant frog (D:7)
  A gnoll (D:7)
10 creatures vanquished.

Vanquished Creatures (others)
  A hippogriff (D:8)
  A slave (D:8)
  A centaur (D:8)
  A kobold (D:8)
4 creatures vanquished.

Grand Total: 234 creatures vanquished

Notes
Turn   | Place    | Note
-------+----------+-------------------------------------------
     0 | D:1      | epen the Felid Monk began the quest for the Orb.
     0 | D:1      | Reached XP level 1. HP: 10/10 MP: 2/2
   261 | D:1      | Reached XP level 2. HP: 6/14 MP: 3/3
   667 | D:1      | Reached XP level 3. HP: 5/17 MP: 4/4
  1672 | D:2      | Reached XP level 4. HP: 16/21 MP: 5/5
  2420 | D:3      | Found a shattered altar of Ashenzari.
  2569 | D:4      | Reached XP level 5. HP: 18/25 MP: 6/6
  2745 | D:4      | Noticed an ogre
  2749 | D:4      | Killed an ogre
  2749 | D:4      | Reached skill level 5 in Dodging
  2749 | D:4      | Reached skill level 5 in Unarmed Combat
  2749 | D:4      | Gained mutation: You are covered in thick fur. (AC +2) [Felid growth]
  2749 | D:4      | Reached XP level 6. HP: 28/28 MP: 7/7
  3046 | D:3      | Noticed a sky beast
  3062 | D:3      | Killed a sky beast
  3238 | D:3      | Reached skill level 5 in Stealth
  3572 | D:4      | Found a staircase to the Ecumenical Temple.
  3580 | D:5      | Entered Level 5 of the Dungeon
  3589 | Temple   | Entered the Ecumenical Temple
  3597 | Temple   | Became a worshipper of Dithmenos the Shadowed
  3597 | Temple   | Reached * piety under Dithmenos
  3597 | Temple   | Reached ** piety under Dithmenos
  3644 | D:4      | Reached XP level 7. HP: 13/33 MP: 8/8
  3892 | D:4      | Reached skill level 1 in Invocations
  4367 | D:5      | Reached XP level 8. HP: 36/36 MP: 10/10
  4722 | D:5      | Found a glowing silver altar of Zin.
  5106 | D:5      | Found an ancient bone altar of Kikubaaqudgha.
  5424 | D:6      | Reached skill level 5 in Fighting
  5542 | D:6      | Reached *** piety under Dithmenos
  5682 | D:6      | Noticed Eustachio
  5870 | D:5      | Learned a level 2 spell: Call Imp
  6036 | D:6      | Killed Eustachio
  6343 | D:6      | Reached skill level 1 in Spellcasting
  6343 | D:6      | Reached skill level 1 in Summonings
  6580 | D:6      | Noticed Blork the orc
  6587 | D:6      | Killed Blork the orc
  6890 | D:7      | Noticed Joseph
  6902 | D:7      | Killed Joseph
  6902 | D:7      | Reached XP level 9. HP: 14/39 MP: 7/13
  8133 | D:8      | Reached skill level 5 in Invocations
  8481 | D:8      | Noticed Grum
  8499 | D:8      | Slain by a wolf
  8500 | D:8      | Reached XP level 8. HP: -1/38 MP: 12/12
  8514 | D:8      | Learned a level 3 spell: Summon Guardian Golem
  8768 | D:8      | Noticed Pikel
  9042 | D:7      | Killed Pikel
  9042 | D:7      | Reached XP level 9. HP: 41/41 MP: 7/14
  9125 | D:7      | Gained mutation: You are agile. (Dex +2) [potion of beneficial mutation]
  9126 | D:7      | HP: 2/41 [poisoned by a killer bee]
  9134 | D:7      | HP: 1/41 [poisoned by a killer bee]
  9373 | D:7      | Killed Grum
  9478 | D:7      | HP: 2/41 [wolf[Grum] (3)]
 10119 | D:8      | Found a burning altar of Makhleb.
 10183 | D:8      | You fall through a shaft for 2 floors!
 10183 | D:10     | Entered Level 10 of the Dungeon
 10344 | D:9      | Found Ciymp's Weapon Emporium.
 10370 | D:9      | Reached **** piety under Dithmenos
 10568 | D:9      | Found Xest's Distillery.
 10577 | D:9      | Bought a potion of heal wounds for 60 gold pieces
 10577 | D:9      | Bought 2 potions of curing for 72 gold pieces
 10577 | D:9      | Bought 2 potions of haste for 240 gold pieces
 10631 | D:9      | Found a deep blue altar of Sif Muna.
 10673 | D:9      | Found Kapruwug's Gadget Boutique.
 10673 | D:9      | Noticed Gastronok
 10769 | D:9      | Killed from afar by Gastronok
 10770 | D:9      | Reached XP level 8. HP: -3/38 MP: 9/13
 11013 | D:9      | Found Zyfikk's Weapon Shop.
 11125 | D:9      | Found Curah's Book Emporium.
 11196 | D:9      | You fall through a shaft for 2 floors!
 11221 | D:12     | Slain by a killer bee

Vault maps used:
D:1:      elethiomel_arrival_maze
D:2:      grunt_ministairs_1
D:3:      nicolae_ashenzari_panopticon
D:4:      first_bread, minmay_distorted
D:5:      overflow_temple_1_default, lemuel_coloured_pillars_altar
D:6:      uniq_blork_the_orc, uniq_eustachio
D:7:      uniq_joseph
D:8:      nicolae_overflow_hidden_temple, lemuel_flamethrower_1, uniq_pikel,
          uniq_grum
D:9:      nicolae_overflow_crystal_walls, serial_shops, shop, shop,
          nicolae_shop_statue_plus, shop, shop, uniq_gastronok
D:10:     zombieorc1_lemuel
D:11:     minmay_lair_entry_grove, serial_shops, shop,
          hangedman_little_slice_of_home
Temple:   minmay_crystal_spiral_temple

Skill      XL: |  1  2  3  4  5  6  7  8  9 |
---------------+----------------------------+-----
Stealth        | 3 4 5 6 7 8 |  8.5
Unarmed Combat | 4 5 6 7 8 |  8.7
Fighting       | 4 6 |  6.3
Dodging        | 5 6 7 8 |  8.3
Invocations    | 2 4 6 |  6.3
Spellcasting   | 1 3 |  3.3
Summonings     | 1 3 |  3.3

Action                   |  1- 3 |  4- 6 |  7- 9 || total
-------------------------+-------+-------+-------++-------
Melee: Unarmed           |   114 |   199 |   462 ||   775
       Bite              |     7 |    23 |    58 ||    88
       Punch             |     2 |     4 |    18 ||    24
 Cast: Call Imp          |       |       |    58 ||    58
       Summon Guardian G |       |       |     1 ||     1
Invok: Shadow Step       |       |       |     2 ||     2
Evoke: Wand              |       |       |     1 ||     1
  Use: Scroll            |       |       |    17 ||    17
       Potion            |       |       |    10 ||    10
 Stab: Sleeping          |    12 |    15 |    47 ||    74
       Distracted        |       |       |     4 ||     4
  Eat: Chunk             |     6 |     7 |    23 ||    36
Armor: Skin              |     1 |     4 |     6 ||    11
Dodge: Dodged            |    76 |   148 |   489 ||   713
